 Dungeon Crawl Stone Soup version 0.25.0-11-g1f837a76a1 (webtiles) character file.

Game seed: 12325127398862701302

32 Kerr0r the Sneak (level 3, 0/16 HPs)
             Began as a Spriggan Enchanter on June 24, 2020.
             Succumbed to an adder's poison
             ... on level 1 of the Dungeon on June 25, 2020.
             The game lasted 00:11:16 (2475 turns).

Kerr0r the Sneak (Spriggan Enchanter)               Turns: 2475, Time: 00:11:16

Health: 0/16       AC:  2    Str:  4    XL:     3   Next: 8%
Magic:  8/8        EV: 18    Int: 16    God:
Gold:   90         SH:  0    Dex: 17    Spells: 6/7 levels left

rFire    . . .     SeeInvis +   a - +1 dagger
rCold    . . .     Gourm    .   (shield restricted)
rNeg     . . .     Faith    .   b - +0 robe
rPois    .         Spirit   .   (helmet restricted)
rElec    .         Reflect  .   (no cloak)
rCorr    .         Harm     .   (gloves unavailable)
MR       .....                  (boots unavailable)
Stlth    +++.......             (no amulet)
HPRegen  0.05/turn              (no ring)
MPRegen  0.11/turn              (no ring)

@: mighty, brilliant, lethally poisoned (0 -> -9), stab, very quick
A: very small, unfitting armour, see invisible, herbivore, speed 3, slow
metabolism 2
a: no special abilities


You were on level 1 of the Dungeon.
You were not hungry.

You visited 1 branch of the dungeon, and saw 2 of its levels.

You collected 90 gold pieces.

Inventory:

Hand Weapons
 a - a +1 dagger (weapon)
Armour
 b - a +0 robe (worn)
 h - a +0 leather armour
 k - a +0 leather armour
 l - a +0 pair of boots
Jewellery
 g - a +4 ring of protection {unknown}
 m - an uncursed ring of poison resistance {unknown}
Scrolls
 e - a scroll of identify {unknown}
 i - a scroll of blinking {unknown}
Potions
 j - a potion of might
Comestibles
 d - 4 rations


   Skills:
 + Level 2.5 Short Blades
 - Level 3.0 Dodging
 + Level 5.5 Stealth
 - Level 2.6 Spellcasting
 - Level 3.6 Hexes


You had 6 spell levels left.
You knew the following spells:

 Your Spells              Type           Power        Failure   Level  Hunger
a - Corona                Hex            ###....      4%          1    None

Your spell library contained the following spells:

 Spells                   Type           Power        Failure   Level  Hunger
 Confusing Touch          Hex            ###.....     13%         3    None
 Tukima's Dance           Hex            ###.....     13%         3    None
 Ensorcelled Hibernation  Hex/Ice        ##....       14%         2    None
 Dazzling Flash           Conj/Hex       ##....       28%         3    None


Dungeon Overview and Level Annotations

Branches:
Dungeon (2/15)

Altars:
The Shining One

Annotations:
D:2 Jessica


Innate Abilities, Weirdness & Mutations

You are very small and have problems with some larger weapons.
You are too small for most types of armour.
You have supernaturally acute eyesight. (SInv)
You are a herbivore.
You cover ground extremely quickly.
You need to consume almost no food.


Message History

You are lethally poisoned!
The adder poisons you!
You closely miss the adder.
The adder is lightly wounded.
You feel sick. The adder bites you.
* * * LOW HITPOINT WARNING * * *
* * * LOW HITPOINT WARNING * * *
You feel sick.
* * * LOW HITPOINT WARNING * * *
You feel sick.
It was a potion of might.
You feel very mighty all of a sudden.
* * * LOW HITPOINT WARNING * * *
You feel sick.
It was a potion of stabbing.
You feel ready to backstab. The adder misses you.
It was a potion of brilliance.
You feel clever all of a sudden.
You die...

#..........#####.#...#.###..##
########.#># #..#...#........
#.#.# #..#'''#.####.## #.#.#
#..#...### #.## #.#.# #..##.#.#
#.## #.#.# #..##...# #.##
#.#.####..####.#####.#.
###########.........####.........
..^.............@Sg......>.....##
###########.#######.############
#.........# ###########


You could see an adder and a goblin.

Vanquished Creatures
  An adder (D:2)
  A worm (D:2)
  3 hobgoblins (D:2)
  A jackal (D:2)
  2 quokkas (D:2)
  4 bats (D:1)
  A goblin (D:2)
  3 kobolds
  6 rats
22 creatures vanquished.

Notes
Turn   | Place    | Note
-------+----------+-------------------------------------------
     0 | D:1      | Kerr0r the Spriggan Enchanter began the quest for the Orb.
     0 | D:1      | Reached XP level 1. HP: 9/9 MP: 5/5
  1391 | D:2      | Noticed Jessica
  1422 | D:2      | Found a glowing golden altar of the Shining One.
  1450 | D:2      | Reached skill level 5 in Stealth
  1450 | D:2      | Reached XP level 2. HP: 13/13 MP: 6/6
  1982 | D:2      | Reached XP level 3. HP: 16/16 MP: 8/8
  2475 | D:1      | Succumbed to an adder's poison

Illustrated notes

Levels and vault maps discovered:
D:1:      lemuel_arrival_funnel, layout_loops_ring
D:2:      layout_rooms, lemuel_blue_sif_altar, tso_metal_star,
          columned_hall_lemuel, uniq_jessica

Skill      XL: |  1  2 |
---------------+-------+-----
Stealth        | 5 |  5.5
Short Blades   | 2 |  2.5
Dodging        | |  3.0
Spellcasting   | |  2.6
Hexes          | |  3.6

Action                   || total
-------------------------++-------
Melee: Dagger            ||   105
  Use: Potion            ||     3
 Stab: Sleeping          ||     8
       Distracted        ||     1
Armor: Robe              ||    15
Dodge: Dodged            ||    82
